 Dungeon Crawl Stone Soup version 0.22-a0-282-gdd34a7d (webtiles) character file.

9 Amnesiac the Sneak (level 2, 0/15 HPs)
             Began as a Deep Elf Enchanter on Mar 18, 2018.
             Slain by a jackal (2 damage)
             ... on level 1 of the Dungeon.
             The game lasted 00:01:16 (355 turns).

Amnesiac the Sneak (Deep Elf Enchanter)              Turns: 355, Time: 00:01:16

Health: 0/15       AC:  2    Str:  5    XL:     2   Next: 3%
Magic:  7/8        EV: 13    Int: 19    God:
Gold:   48         SH:  0    Dex: 15    Spells: 6/7 levels left

rFire    . . .     SeeInvis .   a - +1 dagger
rCold    . . .     Gourm    .   (no shield)
rNeg     . . .     Faith    .   b - +0 robe
rPois    .         Spirit   .   (no helmet)
rElec    .         Reflect  .   (no cloak)
rCorr    .         Harm     .   (no gloves)
MR       .....                  (no boots)
Stlth    +++.......             (no amulet)
HPRegen  0.05/turn              (no ring)
MPRegen  0.11/turn              (no ring)

@: no status effects
A: no striking features
a: no special abilities


You were on level 1 of the Dungeon.
You were not hungry.

You visited 1 branch of the dungeon, and saw 2 of its levels.

You collected 48 gold pieces.

Inventory:

Hand Weapons
 a - a +1 dagger (weapon)
Armour
 b - a +0 robe (worn)
Scrolls
 c - 2 scrolls of remove curse {!r, unknown}
Potions
 e - a potion of lignification {!q, unknown}
Comestibles
 d - a ration
 f - 2 chunks of flesh


   Skills:
 + Level 1.5 Short Blades
 - Level 2.4 Dodging
 - Level 4.1 Stealth
 - Level 3.0 Spellcasting
 - Level 4.0 Hexes


You had 6 spell levels left.
You knew the following spells:

 Your Spells              Type           Power        Failure   Level  Hunger
a - Corona                Hex            ###....      3%          1    None


Dungeon Overview and Level Annotations

Branches:
Dungeon (2/15)

Altars:


Message History

The bat is outlined in light.
The bat barely misses you. The bat hits you but does no damage.
A hobgoblin comes into view.
The bat closely misses you. The bat hits you but does no damage.
The bat misses you.
The hobgoblin shouts!
The bat hits you but does no damage. The hobgoblin completely misses you.
The bat barely misses you.
Found a scroll labeled POMPOCL XAACI.
The bat closely misses you.
The bat stops glowing.
The bat barely misses you. The bat barely misses you.
The bat completely misses you. The bat hits you but does no damage.
You closely miss the bat. The bat barely misses you. The bat misses you.
You closely miss the bat. The bat barely misses you.
You barely miss the bat. The bat closely misses you.
Casting: Corona (safe; 3% risk of failure)
Confirm with . or Enter, or press ? or * to list all spells.
Aiming: Corona (safe; 3% risk of failure)
Press: ? - help, Shift-Dir - straight line, f/p - bat
Aim: a bat (chance to defeat MR: 73%)
The bat is outlined in light.
The bat misses you.
You hit the bat but do no damage. The bat hits you. The bat misses you.
You hit the bat.
You kill the bat!
Casting: Corona (safe; 3% risk of failure)
Confirm with . or Enter, or press ? or * to list all spells.
Aiming: Corona (safe; 3% risk of failure)
Press: ? - help, Shift-Dir - straight line, f - hobgoblin
Aim: a hobgoblin (chance to defeat MR: 73%)
The hobgoblin is outlined in light.
The hobgoblin barely misses you.
You hit the hobgoblin.
The hobgoblin is moderately wounded.
The hobgoblin closely misses you.
You hit the hobgoblin but do no damage.
The hobgoblin is moderately wounded.
The hobgoblin closely misses you.
You hit the hobgoblin.
The hobgoblin is heavily wounded.
The hobgoblin hits you.
* * * LOW HITPOINT WARNING * * *
You hit the hobgoblin.
The hobgoblin is severely wounded.
The hobgoblin misses you.
You hit the hobgoblin but do no damage.
The hobgoblin is severely wounded.
The hobgoblin hits you but does no damage.
The jackal barks!
You hit the hobgoblin but do no damage.
The hobgoblin is severely wounded.
You barely miss the hobgoblin.
The hobgoblin is severely wounded.
The hobgoblin hits you.
* * * LOW HITPOINT WARNING * * *
You barely miss the hobgoblin.
The hobgoblin is severely wounded.
The hobgoblin barely misses you.
The jackal barks!
You hit the hobgoblin but do no damage.
The hobgoblin is severely wounded.
The hobgoblin barely misses you.
The hobgoblin stops glowing.
The jackal bites you.
You die...

. .......# ..
......### .. #..#
.. ##..# #.
##..h# #.#..#h#
#..>...#
##....h####
#...##.@..####
#...##g##....#
#..###.#####.#
#.####J#####.####
#.
#......##....#.#
..
#..............#
.!
#.......####.###
#.......# ..#
..........# ...


You could see an ooze, 3 jackals and a hobgoblin.

Vanquished Creatures
  An ooze (D:1)
  A hobgoblin (D:1)
  A jackal (D:2)
  2 bats
5 creatures vanquished.

Notes
Turn   | Place    | Note
-------+----------+-------------------------------------------
     0 | D:1      | Amnesiac the Deep Elf Enchanter began the quest for the Orb.
     0 | D:1      | Reached XP level 1. HP: 10/10 MP: 6/6
    77 | D:1      | You fall through a shaft!
   314 | D:2      | Reached XP level 2. HP: 12/15 MP: 6/8
   355 | D:1      | Slain by a jackal

Vault maps used:
D:1:      eino_arrival_cavern_e
D:2:      first_ration, minmay_ruptured

Skill      XL: |  1 |
---------------+----+-----
Stealth        | 4 |  4.1
Short Blades   | |  1.5
Dodging        | |  2.4
Spellcasting   | |  3.0
Hexes          | |  4.0

Action                   || total
-------------------------++-------
Melee: Dagger            ||    40
 Cast: Corona            ||    10
 Stab: Sleeping          ||     2
Armor: Robe              ||    18
Dodge: Dodged            ||    69

Table legend:
 A = Spawn XP
 B = Non-spawn XP
 C = Spawn XP percentage of total XP
 D = Spawn monster count
 E = Non-spawn monster count
 F = Spawn count percentage of total count
 G = Total turns spent on level
                    A         B        C        D         E        F      G
               +---------+---------+-------+---------+---------+-------+---------
         Total |       0 |      13 |   0.0 |       0 |       5 |   0.0 |   355
               +---------+---------+-------+---------+---------+-------+---------
           D:1 |       0 |      10 |   0.0 |       0 |       3 |   0.0 |   116
           D:2 |       0 |       3 |   0.0 |       0 |       2 |   0.0 |   239
               +---------+---------+-------+---------+---------+-------+---------
